 Dungeon Crawl Stone Soup version 0.25-a0-661-g55ea3d2053 (webtiles) character file.

Game seed: 11358366637060402840, levelgen mode: deterministic

8497 kae the Martial Artist (level 11, -1/70 HPs)
             Began as a Merfolk Transmuter on Mar 23, 2020.
             Was a Priest of Wu Jian.
             Slain by Urug
             ... wielding a +4 demon trident of flaming
              (6 damage)
             ... on level 10 of the Dungeon.
             The game lasted 00:15:06 (12909 turns).

kae the Martial Artist (Merfolk Transmuter)        Turns: 12909, Time: 00:15:07

Health: -1/70      AC:  6    Str: 10    XL:     11   Next: 31%
Magic:  19/23      EV: 12    Int: 15    God:    Wu Jian [***...]
Gold:   527        SH:  0    Dex: 21    Spells: 15/26 levels left

rFire    . . .     SeeInvis .     - Unarmed
rCold    . . .     Gourm    .   (shield currently unavailable)
rNeg     . . .     Faith    .   x - +0 acid dragon scales
rPois    +         Spirit   .   (no helmet)
rElec    .         Reflect  .   s - scarf {cloud immunity}
rCorr    +         Harm     .   (gloves currently unavailable)
MR       .....                  (no boots)
Stlth    +.........             (no amulet)
HPRegen  0.21/turn              e - ring of poison resistance
MPRegen  0.18/turn              p - +5 ring of dexterity

@: blade hands
A: change form in water, swift swim, stealthy swim
a: End Transformation, Wall Jump, Serpent's Lash, Renounce Religion


You were on level 10 of the Dungeon.
You worshipped Wu Jian.
Wu Jian was most pleased with you.
You were not hungry.
You had blades for hands.
You visited 2 branches of the dungeon, and saw 11 of its levels.

You collected 743 gold pieces.
You spent 216 gold pieces at shops.

Inventory:

Missiles
 a - 234 arrows
Armour
 s - a scarf of cloud immunity (worn)
 x - +0 acid dragon scales (worn)
 y - a +2 pair of gloves (melded)
Jewellery
 e - a ring of poison resistance (left scythe-like blade)
 p - a +5 ring of dexterity (right scythe-like blade)
Wands
 o - a wand of paralysis (3)
 z - a wand of disintegration (15)
Scrolls
 b - 2 scrolls of fog
 i - 11 scrolls of remove curse
 j - 3 scrolls of teleportation
 r - a scroll of blinking
 t - 3 scrolls of identify
 u - 2 scrolls of enchant armour
 w - 2 scrolls of amnesia
 E - a scroll of enchant weapon
Potions
 c - 4 potions of flight
 f - a potion of invisibility
 g - 3 potions of magic
 h - 3 potions of curing
 k - 3 potions of mutation
 l - 2 potions of might
 m - 4 potions of brilliance
 n - 3 potions of cancellation
 q - a potion of stabbing
 v - a potion of haste
 A - a potion of ambrosia
 B - a potion of resistance
 C - a potion of heal wounds
 D - 2 potions of lignification
Comestibles
 d - 25 rations
 F - 3 chunks of flesh


   Skills:
 - Level 1.1 Fighting
 - Level 2.6 Dodging
 * Level 13.4 Unarmed Combat
 - Level 8.0 Spellcasting
 + Level 11.5 Transmutations


You had 15 spell levels left.
You knew the following spells:

 Your Spells              Type           Power        Failure   Level  Hunger
a - Beastly Appendage     Tmut           #####.       9%          1    None
b - Sticks to Snakes      Tmut           #####...     10%         2    None
c - Spider Form           Tmut/Pois      ###.......   34%         3    ##.....
d - Blade Hands           Tmut           #####.....   32%         5    #####..

Your spell library contained the following spells:

 Spells                   Type           Power        Failure   Level  Hunger
 Ice Form                 Ice/Tmut       ###.....     61%         4    ####...


Dungeon Overview and Level Annotations

Branches:
Dungeon (10/15)            Temple (1/1) D:6            Lair (0/6) D:8
    Orc: D:9-12

Altars:
Cheibriados
Elyvilon
Fedhas
Gozag
Hepliaklqana
Kikubaaqudgha
Nemelex Xobeh
Qazlal
Trog
Vehumet
Wu Jian
Xom
Yredelemnul
Zin
The Shining One

Shops:
D:7 ?:(?   D:9 (

Annotations:
D:10 exclusion: door, Urug


Message History

Evoke which item? (* to show all) (? for menu, Esc to quit)
Okay, then.
Okay, then.
Okay, then.
Okay, then.
Casting: Blade Hands (safe; 4% risk of failure)
Confirm with . or Enter, or press ? or * to list all spells.
Your hands turn into razor-sharp scythe blades.
Your +2 pair of gloves melds into your body.
Urug throws a javelin.
The javelin pierces through you!!
You see here a javelin.
Urug hits you from afar with a +4 demon trident of flaming!!
Urug burns you.
* * * LOW HITPOINT WARNING * * *
You lunge at Urug.
You slice Urug!!
Urug is moderately wounded.
Urug hits you with a +4 demon trident of flaming!
* * * LOW HITPOINT WARNING * * *
Urug burns you.
You die...

#### #..# #######..# #####
#.(......######### ....##§§§...
#................. o....##.....
#.(..........#####
....§§##....####.#########..#....
.##o.§§##.......@# #..#....
##.§.(##........o# #..#....
#...§##..........# #..#####
....##...........# #.......
...##............# #.......
.................#+## #.......
#.................... ........
##................... .......
##.................. .......


You could see Urug.

Vanquished Creatures
  A two-headed ogre (D:8)
  2 wizards (D:10)
  Joseph (D:10)
  Maggie (D:6)
  5 hippogriffs
  4 yaks (D:10)
  A wyvern (D:9)
  A steam dragon (D:9)
  A water moccasin (D:10)
  An orc warrior (D:7)
  2 sky beasts
  2 black bears
  3 ice beasts
  3 ogres
  2 phantoms
  5 centaurs
  A big kobold (D:10)
  10 bullfrogs
  3 scorpions
  9 wights
  4 howler monkeys
  2 crimson imps (D:6)
  A centaur zombie (D:8)
  2 jellies
  A bullfrog skeleton (D:9)
  A centaur skeleton (D:9)
  4 hounds
  6 orc priests
  9 orc wizards
  3 iguanas
  6 worker ants
  A killer bee zombie (D:7)
  A hound zombie (D:8)
  5 hound skeletons
  2 worker ant zombies
  Robin (D:2)
  4 gnolls
  2 river rats (D:6)
  10 adders
  5 oozes
  2 adder skeletons
  11 worms
  2 dart slugs (D:2)
  5 leopard geckos
  27 orcs
  10 bats
  5 giant cockroaches
  15 goblins
  9 hobgoblins
  6 jackals
  3 quokkas
  2 ball pythons (D:6)
  2 frilled lizards
  A jackal zombie (D:5)
  10 kobolds
  A leopard gecko skeleton (D:7)
  A leopard gecko zombie (D:7)
  A quokka zombie (D:5)
  14 rats
255 creatures vanquished.

Vanquished Creatures (others)
  A goblin (D:3)
1 creature vanquished.

Grand Total: 256 creatures vanquished

Notes
Turn   | Place    | Note
-------+----------+-------------------------------------------
     0 | D:1      | kae the Merfolk Transmuter began the quest for the Orb.
     0 | D:1      | Reached XP level 1. HP: 15/15 MP: 3/3
   130 | D:1      | Reached XP level 2. HP: 6/21 MP: 3/5
   869 | D:1      | Reached skill level 4 in Unarmed Combat
   869 | D:1      | Reached XP level 3. HP: 8/26 MP: 4/6
  1231 | D:2      | Noticed Robin
  1496 | D:1      | Learned a level 2 spell: Sticks to Snakes
  1500 | D:1      | Learned a level 3 spell: Spider Form
  1536 | D:2      | Killed Robin
  1762 | D:2      | Reached XP level 4. HP: 18/32 MP: 5/7
  2505 | D:2      | Reached XP level 5. HP: 26/37 MP: 7/9
  2793 | D:2      | Reached skill level 5 in Unarmed Combat
  3100 | D:3      | Found a sparkling altar of Nemelex Xobeh.
  4109 | D:3      | Reached XP level 6. HP: 31/43 MP: 6/10
  4286 | D:3      | Learned a level 5 spell: Blade Hands
  4488 | D:3      | Noticed a moth of wrath
  4491 | D:3      | Found a bloodstained altar of Trog.
  5131 | D:4      | Found a basalt altar of Yredelemnul.
  5201 | D:4      | Reached skill level 6 in Unarmed Combat
  5491 | D:4      | Reached skill level 5 in Transmutations
  5533 | D:4      | Noticed a phantom
  5593 | D:4      | Killed a phantom
  5593 | D:4      | Reached XP level 7. HP: 27/48 MP: 7/12
  6050 | D:5      | Entered Level 5 of the Dungeon
  6481 | D:5      | Reached skill level 7 in Unarmed Combat
  6956 | D:5      | Found a glowing silver altar of Zin.
  6960 | D:5      | Found Zin's Purification Station.
  6965 | D:5      | Bought a potion of curing for 90 gold pieces
  7026 | D:6      | Reached XP level 8. HP: 15/54 MP: 10/14
  7150 | D:6      | Found a radiant altar of Vehumet.
  7202 | D:6      | Reached skill level 8 in Unarmed Combat
  7463 | D:6      | Found a staircase to the Ecumenical Temple.
  7471 | Temple   | Entered the Ecumenical Temple
  7510 | Temple   | Became a worshipper of the Wu Jian Council
  7555 | D:6      | Noticed Maggie
  7570 | D:6      | Killed Maggie
  7570 | D:6      | Reached skill level 9 in Unarmed Combat
  7570 | D:6      | Reached skill level 5 in Spellcasting
  7797 | D:6      | Reached XP level 9. HP: 58/59 MP: 12/17
  8383 | D:7      | Found Fiashosh's Book Boutique.
  8604 | D:7      | Found Umafiull's Weapon Emporium.
  8693 | D:7      | Reached skill level 10 in Unarmed Combat
  8727 | D:7      | Found Qomich's Magic Scroll Boutique.
  8738 | D:7      | Bought a scroll of identify for 24 gold pieces
  8738 | D:7      | Bought a scroll of identify for 24 gold pieces
  8738 | D:7      | Bought a scroll of identify for 24 gold pieces
  8738 | D:7      | Bought a scroll of identify for 24 gold pieces
  9762 | D:7      | Reached * piety under Wu Jian
  9822 | D:7      | Found Gizawoum's Magic Scroll Boutique.
  9831 | D:7      | Bought a scroll of identify for 30 gold pieces
 10204 | D:8      | Reached skill level 11 in Unarmed Combat
 10410 | D:8      | Reached XP level 10. HP: 56/65 MP: 19/19
 10489 | D:8      | Noticed a two-headed ogre
 10499 | D:8      | Killed a two-headed ogre
 10567 | D:8      | Found a staircase to the Lair.
 10738 | D:8      | Reached skill level 10 in Transmutations
 10820 | D:8      | Reached ** piety under Wu Jian
 11275 | D:9      | Found Guuvoim's Weapon Shop.
 11292 | D:9      | Reached skill level 12 in Unarmed Combat
 11969 | D:10     | Entered Level 10 of the Dungeon
 12213 | D:10     | Noticed Joseph
 12224 | D:10     | Killed Joseph
 12379 | D:10     | Noticed Urug
 12384 | D:10     | Noticed a wizard
 12396 | D:10     | Reached XP level 11. HP: 52/70 MP: 18/22
 12546 | D:10     | Reached skill level 13 in Unarmed Combat
 12760 | D:10     | Killed a wizard
 12798 | D:10     | Reached *** piety under Wu Jian
 12853 | D:10     | Noticed a wizard
 12865 | D:10     | Killed a wizard
 12909 | D:10     | Slain by Urug

Levels and vault maps discovered:
D:1:      dpeg_arrival_simpleton_b, layout_loops_ring
D:2:      layout_basic, minmay_close_crescents, uniq_robin
D:3:      minmay_recursive_quarters, layout_basic,
          nemelex_xobeh_ov_fountains_minmay, solitary_fountain, tgw_trog
D:4:      layout_basic, lemuel_doored_altar, minmay_bisected
D:5:      layout_cave_pools, zin_purify, first_ration, grunt_ministairs_7
D:6:      layout_basic, nicolae_overflow_crystal_walls,
          minmay_temple_entry_gardened_gates, portal_sewer_entry_e, uniq_maggie
D:7:      minmay_thinvault, layout_basic, serial_shops, shop, shop, shop,
          shop_coins
D:8:      layout_basic, lair_entry_dummy
D:9:      kennysheep_blocky_hall, layout_rooms, serial_shops, nicolae_shop_trees
D:10:     minmay_smoke_and_mirrors, layout_irregular_city, uniq_urug,
          uniq_joseph
Temple:   regret_index_temple_mists

Skill      XL: |  1  2  3  4  5  6  7  8  9 10 11 |
---------------+----------------------------------+-----
Transmutations | 3 4 5 6 7 9 10 11 | 11.5
Unarmed Combat | 4 5 6 7 9 11 12 13 | 13.4
Spellcasting   | 3 4 5 6 7 8 |  8.0
Fighting       | |  1.1
Dodging        | |  2.6

Action                   |  1- 3 |  4- 6 |  7- 9 | 10-12 || total
-------------------------+-------+-------+-------+-------++-------
Melee: Unarmed           |   115 |   249 |   284 |   215 ||   863
       Headbutt          |     7 |    21 |     4 |       ||    32
       Punch             |     1 |     2 |     1 |    10 ||    14
 Cast: Beastly Appendage |    14 |    22 |     6 |       ||    42
       Spider Form       |     1 |    17 |    27 |     4 ||    49
       Blade Hands       |       |       |     7 |    12 ||    19
Invok: Lunge             |       |       |    15 |    14 ||    29
       Whirlwind         |       |       |       |     7 ||     7
Evoke: Wand              |       |       |       |     4 ||     4
  Use: Scroll            |     1 |     5 |    16 |     3 ||    25
 Stab: Sleeping          |     1 |     4 |     2 |     1 ||     8
       Paralysed         |       |       |       |     2 ||     2
  Eat: Chunk             |     2 |    15 |    21 |    12 ||    50
Armor: Robe              |    23 |    14 |     4 |       ||    41
       Skin              |       |     3 |    11 |     2 ||    16
       Acid dragon scale |       |       |    30 |    53 ||    83
Dodge: Dodged            |    88 |   160 |   199 |   104 ||   551

Table legend:
 A = Non-vault XP
 B = Vault XP
 C = Vault XP percentage of total XP
 D = Non-vault monster count
 E = Vault monster count
 F = Vault count percentage of total count
                 A         B        C        D         E       F
            +---------+---------+-------+---------+---------+-------
      Total |    8723 |    3416 |  28.1 |     203 |      53 |  20.7
            +---------+---------+-------+---------+---------+-------
        D:1 |      48 |       2 |   4.0 |      24 |       1 |   4.0
        D:2 |      76 |      59 |  43.7 |      15 |      14 |  48.3
        D:3 |     141 |      46 |  24.6 |      26 |      11 |  29.7
        D:4 |     173 |     176 |  50.4 |      15 |       3 |  16.7
        D:5 |     405 |      36 |   8.2 |      14 |       1 |   6.7
        D:6 |     943 |     439 |  31.8 |      14 |       9 |  39.1
        D:7 |    1027 |     476 |  31.7 |      27 |       8 |  22.9
        D:8 |    2569 |       0 |   0.0 |      26 |       0 |   0.0
        D:9 |    1308 |     253 |  16.2 |      18 |       3 |  14.3
       D:10 |    2033 |    1929 |  48.7 |      24 |       3 |  11.1
            +---------+---------+-------+---------+---------+-------
